 Dungeon Crawl Stone Soup version 0.19-a0-786-g904d2f3 (webtiles) character file.

14161 AlphabetPasta the Geomancer (level 11, -30/50 HPs)
             Began as a Spriggan Earth Elementalist on June 25, 2016.
             Was an Elder of Vehumet.
             Annihilated by a white ugly thing (33 damage)
             ... on level 11 of the Dungeon on June 26, 2016.
             The game lasted 01:23:05 (11684 turns).

AlphabetPasta the Geomancer (SpEE)                 Turns: 11684, Time: 01:23:12

Health: -30/50     AC:  7    Str:  4    XL:     11   Next: 85%
Magic:  6/36       EV: 21    Int: 22    God:    Vehumet [****..]
Gold:   631        SH:  7    Dex: 19    Spells: 7 memorised, 10 levels left

rFire  + + .     SeeInvis +     b - 84 stones
rCold  . . .     Gourm    .     J - +1 robe {rC+}
rNeg   . . .     Faith    .     H - +0 buckler
rPois  .         Spirit   .     u - +1 hat
rElec  .         Dismiss  .     t - +2 cloak
rCorr  .         Reflect  .     (gloves unavailable)
SustAt .         Harm     .     (boots unavailable)
MR     +....                    (no amulet)
Stlth  ++++......               n - ring of magical power
                                l - ring "Laqoasm" {Fire Int+2 Dex+2}

@: very quick, somewhat resistant to hostile enchantments, stealthy
A: unfitting armour, see invisible, fire resistance 1, herbivore 3, speed 3,
slow metabolism 2
a: Renounce Religion


You were on level 11 of the Dungeon.
You worshipped Vehumet.
Vehumet was greatly pleased with you.
You were not hungry.

You visited 2 branches of the dungeon, and saw 12 of its levels.

You collected 631 gold pieces.

Inventory:

Hand Weapons
 a - a +2 dagger of electrocution
 o - a +0 dagger of speed
 s - a +4 quarterstaff of chaos
 w - a +2 scimitar of slicing
 F - a cursed -2 rapier
Missiles
 b - 84 stones (in hand)
Armour
 c - a +0 robe
 t - a +2 cloak (worn)
 u - a +1 hat (worn)
 y - a +2 robe of magic resistance
 H - a +0 buckler (worn)
 I - a +2 robe of magic resistance
 J - a +1 robe of cold resistance (worn)
Jewellery
 l - the ring "Laqoasm" (left hand) {Fire Int+2 Dex+2}
   (You found it on level 4 of the Dungeon)

   [ring of fire]

   It enhances your fire magic, and weakens your ice magic.
   It affects your intelligence (+2).
   It affects your dexterity (+2).
   It protects you from fire.
   It makes you vulnerable to cold.
 n - a ring of magical power (right hand)
Wands
 h - a wand of lightning (3/15)
 r - a wand of heal wounds (3/9)
 D - a wand of flame (8/48)
 L - a wand of flame (25/48)
Scrolls
 i - 2 scrolls of remove curse
 m - 3 scrolls of fear
 p - a scroll of magic mapping
 A - a scroll of blinking
 B - a scroll of enchant armour
 E - 2 scrolls of teleportation
Potions
 f - 2 potions of ambrosia
 g - 2 potions of agility
 j - 4 potions of resistance
 k - 3 potions of flight
 q - 3 potions of curing
 v - a potion of invisibility {unknown}
 x - 2 potions of brilliance {unknown}
 z - a potion of might {unknown}
 K - a potion of berserk rage {unknown}
Books
 e - a book of Geomancy

   Spells                             Type                      Level
   a - Sandblast                      Earth                        1
   b - Passwall                       Transmutation/Earth          2
   c - Stone Arrow                    Conjuration/Earth            3
   d - Petrify                        Transmutation/Earth          4
   e - Lee's Rapid Deconstruction     Earth                        5
Miscellaneous
 G - a lamp of fire
Comestibles
 d - 4 bread rations
 C - 7 royal jellies


   Skills:
 - Level 2.0 Fighting
 - Level 3.6 Short Blades
 - Level 2.1 Staves
 - Level 5.1 Dodging
 - Level 6.0 Stealth
 + Level 3.1 Shields
 + Level 11.0 Spellcasting
 + Level 4.6 Conjurations
 - Level 1.3 Transmutations
 - Level 2.1 Fire Magic
 * Level 11.9 Earth Magic
 - Level 4.1 Evocations


You had 10 spell levels left.
You knew the following spells:

 Your Spells              Type           Power        Failure   Level  Hunger
a - Sandblast             Erth           ######       1%          1    None
b - Passwall              Tmut/Erth      #####.....   1%          2    None
c - Stone Arrow           Conj/Erth      #####.       1%          3    None
d - Petrify               Tmut/Erth      #####...     6%          4    #......
e - Lee's Rapid Deconstr  Erth           ######....   1%          5    ####...
f - Throw Flame           Conj/Fire      #####.       1%          2    None
g - Bolt of Magma         Conj/Fire/Erth ######....   5%          5    ####...


Dungeon Overview and Level Annotations

Branches:
Dungeon (11/15)            Temple (1/1) D:4            Lair (0/6) D:10
    Orc (0/2) D:10

Altars:
Ashenzari
Cheibriados
Dithmenos
Elyvilon
Fedhas
Gozag
Hepliaklqana
Kikubaaqudgha
Makhleb
Nemelex Xobeh
Okawaru
Pakellas
Qazlal
Ru
Sif Muna
Trog
Uskayaw
Vehumet
Xom
Yredelemnul
Zin
The Shining One

Shops:
D:9 (


Innate Abilities, Weirdness & Mutations

You are tiny and cannot use many weapons and most armour.
You have supernaturally acute eyesight. (SInv)
You are a herbivore.
You cover ground extremely quickly.
You need consume almost no food.
Your flesh is heat resistant. (rF+)


Message History

Aiming: Stone Arrow
Press: ? - help, Shift-Dir - straight line, f/p - white ugly thing
Aim: a white ugly thing (heavily wounded)
The stone arrow misses the white ugly thing.
The stone arrow hits the worker ant.
You kill the worker ant!
Vehumet accepts your kill.
The white ugly thing closely misses you.
Casting: Stone Arrow
Confirm with . or Enter, or press ? or * to list all spells.
Aiming: Sandblast
Press: ? - help, Shift-Dir - straight line, f/p - white ugly thing
Aim: a white ugly thing (heavily wounded)
The rocky blast hits the white ugly thing.
The white ugly thing is heavily wounded.
The white ugly thing kicks you!
* * * LOW HITPOINT WARNING * * *
The white ugly thing freezes you!!
Ouch! That really hurt!
You die...

#.......# #...####.##
#.......# #... #.##
#.......##..##...# #†##
#.......##.......# #.##
#.......##..###..# #.##
#.......##..# #..# #.##
#.####.†##..# #..# #.##
#u##..# #..# #.##
#@##..# #..# #...
#.##..###..####...
.#####.##...##.........
........................
#≈≈≈≈≈..................
###≈≈≈≈≈≈≈..............
###≈≈≈≈≈≈≈≈≈≈≈≈≈≈.....
#≈≈≈≈≈≈≈≈≈≈≈≈≈≈≈≈≈≈≈
#.≈≈≈≈≈≈≈≈≈≈≈≈≈≈≈≈≈≈≈


You could see a white ugly thing.

Vanquished Creatures
  The ghost of TheGoonsmith the Nimble, a journeyman DEFE of Vehumet (D:11)
  A hydra (D:11)
  Erolcha (D:10)
  Urug (D:11)
  Pikel (D:3)
  A cyclops (D:11)
  Maurice (D:9)
  2 trolls
  A two-headed ogre (D:11)
  A queen bee (D:9)
  Grinder (D:6)
  Prince Ribbit (D:8)
  A boulder beetle (D:10)
  A wraith (D:11)
  18 yaks
  2 hippogriffs
  A mottled dragon (D:11)
  Duvessa (D:5)
  A black bear (D:11)
  5 orc warriors
  A sky beast (D:9)
  6 ice beasts
  A slave (D:3)
  6 ogres
  2 phantoms
  2 centaurs
  A crocodile (D:11)
  7 giant frogs
  Dowan (D:5)
  A scorpion (D:7)
  A water moccasin skeleton (D:9)
  A wyvern skeleton (D:11)
  16 killer bees
  6 electric eels (D:11)
  14 wights
  6 howler monkeys
  5 crimson imps
  3 centaur zombies
  6 hounds
  Crazy Yiuf (D:3)
  4 jellies
  2 orc priests
  4 orc wizards
  3 giant frog skeletons
  Jessica (D:3)
  2 iguanas (D:7)
  7 worker ants
  A hound skeleton (D:8)
  11 adders
  A shadow imp (D:7)
  An adder zombie (D:5)
  An adder skeleton (D:5)
  A dart slug (D:3)
  A worm (D:2)
  3 giant geckos
  29 orcs
  7 giant cockroaches
  6 hobgoblins
  5 jackals
  9 kobolds
  6 quokkas
  7 bats
  A giant cockroach zombie (D:5)
  A giant gecko skeleton (D:9)
  9 giant newts
  3 goblins
  4 rats
260 creatures vanquished.

Vanquished Creatures (others)
  A jackal (D:11)
1 creature vanquished.

Grand Total: 261 creatures vanquished

Notes
Turn   | Place    | Note
--------------------------------------------------------------
     0 | D:1      | AlphabetPasta the Spriggan Earth Elementalist began the quest for the Orb.
     0 | D:1      | Reached XP level 1. HP: 9/9 MP: 5/5
   366 | D:1      | Reached XP level 2. HP: 12/13 MP: 4/6
   370 | D:1      | Learned a level 2 spell: Passwall
  1107 | D:2      | Reached XP level 3. HP: 15/16 MP: 1/8
  1112 | D:2      | Learned a level 3 spell: Stone Arrow
  1743 | D:2      | Found a hazy altar of Hepliaklqana.
  1938 | D:3      | Reached XP level 4. HP: 21/21 MP: 7/10
  1973 | D:3      | Found a runed door.
  1977 | D:3      | Noticed Crazy Yiuf
  1984 | D:3      | Killed Crazy Yiuf
  2328 | D:3      | Noticed Jessica
  2330 | D:3      | Killed Jessica
  2330 | D:3      | Reached skill level 1 in Short Blades
  2334 | D:3      | Reached XP level 5. HP: 24/24 MP: 8/11
  2341 | D:3      | Learned a level 4 spell: Petrify
  3245 | D:4      | Noticed Pikel
  3246 | D:4      | Noticed a slave
  3246 | D:4      | Noticed a slave
  3246 | D:4      | Noticed a slave
  3247 | D:4      | Noticed a slave
  3250 | D:4      | Learned a level 4 spell: Petrify
  3280 | D:3      | Killed a slave
  3424 | D:3      | Killed Pikel
  3424 | D:3      | Reached skill level 5 in Spellcasting
  3424 | D:3      | Reached skill level 5 in Earth Magic
  3424 | D:3      | Reached XP level 6. HP: 17/28 MP: 6/14
  3424 | D:3      | Reached XP level 7. HP: 19/32 MP: 6/15
  3922 | D:4      | Found a staircase to the Ecumenical Temple.
  3935 | Temple   | Entered the Ecumenical Temple
  3974 | Temple   | Became a worshipper of Vehumet
  4063 | D:4      | Got an ancient bone ring
  4064 | D:4      | Identified the ring "Laqoasm" {Fire Int+2 Dex+2} (You found it on level 4 of the Dungeon)
  4082 | D:4      | Learned a level 5 spell: Lee's Rapid Deconstruction
  4150 | D:4      | Found a burning altar of Makhleb.
  4150 | D:4      | Noticed a green death
  4154 | D:4      | Noticed a ynoxinul
  4154 | D:4      | Noticed a neqoxec
  4305 | D:5      | Entered Level 5 of the Dungeon
  4330 | D:5      | Noticed Duvessa
  4331 | D:5      | Noticed Dowan
  4341 | D:5      | Killed Duvessa
  4341 | D:5      | Reached skill level 1 in Evocations
  4390 | D:5      | Found a shimmering altar of Xom.
  4585 | D:5      | Found an ancient bone altar of Kikubaaqudgha.
  4594 | D:5      | Reached XP level 8. HP: 35/36 MP: 14/18
  4718 | D:5      | Found an oddly glowing altar of Pakellas.
  5038 | D:6      | Noticed Grinder
  5041 | D:6      | Killed Grinder
  5383 | D:5      | Killed Dowan
  5386 | D:5      | Found a deep blue altar of Sif Muna.
  5536 | D:6      | Found a sacrificial altar of Ru.
  5758 | D:6      | Reached * piety under Vehumet
  5758 | D:6      | Offered knowledge of Flame Tongue by Vehumet.
  5798 | D:6      | Reached skill level 1 in Fighting
  6077 | D:7      | Reached XP level 9. HP: 24/41 MP: 15/21
  6546 | D:7      | Found a basalt altar of Yredelemnul.
  6705 | D:7      | Offered knowledge of Throw Flame by Vehumet.
  6746 | D:8      | Reached ** piety under Vehumet
  6746 | D:8      | Reached skill level 1 in Staves
  6815 | D:8      | Learned a level 2 spell: Throw Flame
  6878 | D:8      | Found a radiant altar of Vehumet.
  7159 | D:8      | Noticed Prince Ribbit
  7171 | D:8      | Killed Prince Ribbit
  7171 | D:8      | Reached skill level 1 in Conjurations
  7572 | D:9      | Noticed a troll
  7579 | D:9      | Killed a troll
  7675 | D:9      | Found Botzautt's Weapon Shop.
  7747 | D:9      | Reached XP level 10. HP: 46/46 MP: 23/24
  7754 | D:9      | Reached skill level 1 in Fire Magic
  8009 | D:9      | Offered knowledge of Inner Flame by Vehumet.
  8108 | D:9      | Reached *** piety under Vehumet
  8191 | D:9      | Reached skill level 5 in Dodging
  8203 | D:9      | Reached skill level 10 in Earth Magic
  8419 | D:9      | Noticed Maurice
  8469 | D:9      | Killed Maurice
  8788 | D:10     | Entered Level 10 of the Dungeon
  8798 | D:10     | Offered knowledge of Throw Icicle by Vehumet.
  8832 | D:10     | Reached skill level 5 in Stealth
  9135 | D:10     | Found a staircase to the Lair.
  9510 | D:10     | Found a staircase to the Orcish Mines.
  9718 | D:10     | Gained mutation: Your flesh is heat resistant. (rF+) [potion of beneficial mutation]
  9873 | D:10     | Reached **** piety under Vehumet
 10012 | D:10     | Noticed Erolcha
 10021 | D:10     | Killed Erolcha
 10021 | D:10     | Reached skill level 10 in Spellcasting
 10021 | D:10     | Reached XP level 11. HP: 46/50 MP: 20/26
 10321 | D:11     | Offered knowledge of Bolt of Magma by Vehumet.
 10328 | D:11     | Learned a level 5 spell: Bolt of Magma
 10336 | D:11     | Noticed a six-headed hydra
 10346 | D:11     | Killed a six-headed hydra
 10346 | D:11     | Reached skill level 1 in Shields
 10464 | D:11     | Noticed TheGoonsmith's ghost (journeyman DEFE)
 10587 | D:11     | Killed TheGoonsmith's ghost
 10810 | D:11     | Noticed Urug
 10818 | D:11     | Killed Urug
 11671 | D:11     | Noticed a white ugly thing
 11684 | D:11     | Annihilated by a white ugly thing

Vault maps used:
D:1:      lightli_arrival_quake
D:2:      marbit_many_paths, hangedman_decor_push
D:3:      uniq_crazy_yiuf_cottage, uniq_jessica
D:4:      makhleb_altar_promises_db, first_bread, uniq_pikel
D:5:      nicolae_overflow_hidden_temple, lemuel_doored_altar,
          lemuel_round_altar, basic_altar, uniq_duvessa
D:6:      nicolae_ru_sacrificial_ziggurat, uniq_grinder
D:7:      nicolae_overflow_crystal_walls
D:8:      basic_altar, uniq_prince_ribbit1
D:9:      serial_shops, shop, david_nohive_1, uniq_maurice
D:10:     boulder_corridor_run, lair_0_dummy, david_orc_2, uniq_erolcha
D:11:     minmay_twisted_water, serial_glass, glass_columns_b, glass_columns_b,
          nicolae_blasting_shop, uniq_nergalle, uniq_urug
Temple:   compressed_dpeg_circular_temple

Skill      XL: |  1  2  3  4  5  6  7  8  9 10 11 |
---------------+----------------------------------+-----
Earth Magic    | 3 4 5 6 8 9 10 11 | 11.9
Dodging        | 4 5 |  5.1
Spellcasting   | 3 5 6 7 9 10 11 | 11.0
Short Blades   | 1 3 |  3.6
Evocations     | 2 4 |  4.1
Fighting       | 1 2 |  2.0
Staves         | 2 |  2.1
Conjurations   | 1 3 4 |  4.6
Fire Magic     | 2 |  2.1
Stealth        | 6 |  6.0
Shields        | 3 |  3.1
Transmutations | |  1.3

Action                   |  1- 3 |  4- 6 |  7- 9 | 10-12 || total
-------------------------+-------+-------+-------+-------++-------
Melee: Unarmed           |     2 |       |       |       ||     2
       Dagger            |     4 |     8 |    19 |     1 ||    32
 Cast: Sandblast         |    67 |    48 |   151 |   135 ||   401
       Stone Arrow       |       |       |    58 |   119 ||   177
       Throw Flame       |       |       |     1 |    46 ||    47
       Lee's Rapid Decon |       |       |       |    13 ||    13
       Petrify           |       |       |       |     4 ||     4
       Passwall          |       |       |       |     1 ||     1
       Bolt of Magma     |       |       |       |     1 ||     1
Evoke: Wand              |       |       |       |     4 ||     4
  Use: Scroll            |       |     9 |     9 |     6 ||    24
       Potion            |       |       |     1 |     2 ||     3
 Stab: Sleeping          |     5 |     4 |    13 |     1 ||    23
  Eat: Bread ration      |       |       |     1 |       ||     1
       Royal jelly       |       |       |       |     2 ||     2
Armor: Robe              |     1 |     3 |    17 |     7 ||    28
Dodge: Dodged            |    24 |    19 |    58 |    75 ||   176
Block: Buckler           |       |       |       |    11 ||    11
